 Dungeon Crawl Stone Soup version 0.30-a0-779-g7971cf19c3 (webtiles) character file.

Game seed: 15045961413155054257

285 Smoke131 the Trooper (level 6, -3/66 HPs)
             Began as an Ogre Gladiator on Feb 17, 2023.
             Slain by Pikel
             ... wielding a +2 whip of flaming
              (5 damage)
             ... on level 6 of the Dungeon.
             The game lasted 00:06:17 (2672 turns).

Smoke131 the Trooper (Ogre Gladiator)               Turns: 2672, Time: 00:06:18

Health: -3/66      AC:  4    Str: 19    XL:     6   Next: 29%
Magic:  6/6        EV: 11    Int:  9    God:
Gold:   140        SH:  0    Dex: 12    Spells: 5/5 levels left

rFire   . . .      SeeInvis .    a - +0 war axe
rCold   . . .      Faith    .    (no shield)
rNeg    . . .      Spirit   .    b - +0 robe
rPois   .          Reflect  .    c - +1 hat
rElec   .          Harm     .    (no cloak)
rCorr   .          Rampage  .    (gloves unavailable)
Will    .....                    (boots unavailable)
Stlth   +                        (no amulet)
HPRegen 0.31/turn                j - ring of flight
MPRegen 0.10/turn                (no ring)

@: about to teleport, flying, invisible
A: large, unfitting armour, tough skin 1
a: no special abilities


You were on level 6 of the Dungeon.
You visited 1 branch of the dungeon, and saw 6 of its levels.

You collected 140 gold pieces.

Inventory:

Hand Weapons
 a - a +0 war axe (weapon)
Missiles
 d - 3 throwing nets (quivered)
 h - 29 stones
Armour
 b - a +0 robe (worn)
 c - a +1 hat (worn)
Jewellery
 j - a ring of flight (left hand)
Scrolls
 f - a scroll of identify
 i - a scroll of vulnerability {unknown}
Potions
 k - a potion of mutation
 m - a potion of curing


   Skills:
 + Level 5.3 Fighting
 - Level 3.0 Axes
 + Level 3.9 Throwing
 + Level 4.2 Dodging


You had 5 spell levels left.
You didn't know any spells.
Your spell library contained the following spells:

 Spells                   Type           Power      Damage    Failure   Level
 Necrotise                Necr           0%         1d4       38%         1
 Vampiric Draining        Necr           0%         2d6       77%         3
 Agony                    Necr           0%         N/A       100%        5


Dungeon Overview and Level Annotations

Branches:
Dungeon (6/15)
 Temple: D:4-7

Altars:
Makhleb
Okawaru

Annotations:
D:6 Pikel


Innate Abilities, Weirdness & Mutations

You are too large for most types of armour.
You have tough skin. (AC +1)


Message History

The lemure is heavily wounded.
You hit the lemure. x2; The lemure closely misses you.
The lemure hits you. The lemure barely misses you.
You barely miss the lemure.
The lemure is heavily wounded.
You hit the lemure but do no damage. You hit the lemure.
The lemure hits you. x2
The lemure closely misses you. The lemure barely misses you.
You barely miss Pikel.
Pikel is heavily wounded.
You hit the lemure but do no damage.
You strike the helpless lemure from behind!
You hit the lemure. Pikel closely misses you. The lemure misses you.
The lemure closely misses you.
You completely miss Pikel.
Pikel is heavily wounded.
You hit the lemure but do no damage. x2
Pikel hits you with a +2 whip of flaming!
* * * LOW HITPOINT WARNING * * *
Pikel burns you.
* * * LOW HITPOINT WARNING * * *
The lemure hits you but does no damage. The lemure closely misses you.
You hit Pikel.
Pikel is heavily wounded.
You barely miss the lemure.
You catch the helpless lemure completely off-guard!
You hit the lemure.
Pikel hits you with a +2 whip of flaming.
* * * LOW HITPOINT WARNING * * *
Pikel burns you.
* * * LOW HITPOINT WARNING * * *
The lemure hits you.
* * * LOW HITPOINT WARNING * * *
The lemure closely misses you. Pikel barely misses you. The lemure misses you.
The lemure closely misses you.
As you read the scroll of teleportation, it crumbles to dust.
You feel strangely unstable.
Pikel hits you with a +2 whip of flaming!
* * * LOW HITPOINT WARNING * * *
Pikel burns you.
You die...

....... #.# .....
#.####..###.#
#.#..........
#.#.##..#.#.. # #.#.#
..# ##.##.#.# .... #.
.# #.....#5##..#.K
#.#.#
#.....@K55.(###..
#.... #.#####5##..# .
#... .. ..# ..# ..#.
#.5. #. ### ..##..#.
.K# #. ....... #.# #.
#.##..# #.# #. #.##..#
# #.#
#.#########.##..##.###
#n#
#..).....n..##........


You could see Pikel (unable to see you) and 4 lemures.

Vanquished Creatures
  Sigmund (D:2)
  A gnoll bouda (D:6)
  2 adders (D:3)
  3 gnolls (D:6)
  A worm (D:3)
  6 orcs
  5 endoplasms
  2 giant cockroaches
  2 hobgoblins (D:1)
  2 quokkas
  4 ball pythons
  9 bats
  4 frilled lizards
  5 goblins
  7 kobolds
  4 rats
58 creatures vanquished.

Notes
Turn   | Place    | Note
-------+----------+-------------------------------------------
     0 | D:1      | Smoke131 the Ogre Gladiator began the quest for the Orb.
     0 | D:1      | Reached XP level 1. HP: 22/22 MP: 1/1
   248 | D:1      | Reached skill level 3 in Fighting
   248 | D:1      | Reached XP level 2. HP: 25/31 MP: 2/2
   832 | D:2      | Noticed Sigmund
   943 | D:2      | Killed Sigmund
   944 | D:2      | Reached skill level 4 in Fighting
   944 | D:2      | Reached XP level 3. HP: 23/40 MP: 3/3
   944 | D:2      | Reached XP level 4. HP: 28/49 MP: 4/4
   944 | D:2      | Reached XP level 5. HP: 32/55 MP: 5/5
  1401 | D:2      | Found a faded altar of an unknown god.
  1601 | D:3      | Found a burning altar of Makhleb.
  1612 | D:3      | Reached skill level 5 in Fighting
  1931 | D:3      | Reached XP level 6. HP: 65/66 MP: 6/6
  2116 | D:4      | Found a transporter.
  2116 | D:4      | You are sucked into a shaft and drop 2 floors!
  2176 | D:5      | Entered Level 5 of the Dungeon
  2178 | D:5      | Found an iron altar of Okawaru.
  2178 | D:5      | Noticed a black bear
  2580 | D:6      | Noticed Pikel
  2622 | D:6      | Noticed an ice beast
  2672 | D:6      | HP: 2/66 [Pikel/+2 whip of flaming (9)]
  2672 | D:6      | Slain by Pikel

Illustrated notes

Levels and vault maps discovered:
D:1:      mrwooster_arrival_statue, layout_loops_ring
D:2:      layout_rooms, chequers_ecumenical_altar_simple_redux, uniq_sigmund
D:3:      layout_basic, mainiacjoe_overflow_brackets
D:4:      layout_basic, nicolae_dithmenos_shadow_blocks,
          grunt_temple_overflow_open, gammafunk_ghost_arena,
          gup_sewer_entry_bowl, minmay_pentangle
D:5:      layout_rooms, okawaru_gym_becter
D:6:      layout_loops_ring, uniq_pikel, uniq_blork_the_orc

Skill      XL: |  1  2  3  4  5 |
---------------+----------------+-----
Fighting       | 3 4 5 |  5.3
Dodging        | 3 4 |  4.2
Throwing       | 3 |  3.9
Axes           | |  3.0

Action                     |  1- 3 |  4- 6 || total
---------------------------+-------+-------++-------
  Melee: War axe           |    41 |   147 ||   188
         Punch             |     1 |     2 ||     3
  Throw: Large rock        |     1 |     1 ||     2
    Use: Potion            |     4 |     2 ||     6
         Scroll            |       |     7 ||     7
   Stab: Sleeping          |       |     2 ||     2
         Invisible         |       |     6 ||     6
 Armour: Robe              |    11 |    32 ||    43
  Dodge: Dodged            |    28 |   128 ||   156

Table legend: (Time is in decaauts)
 A = Elapsed time spent in this place.
 B = Non-inter-level travel time spent in this place.
 C = Inter-level travel time spent in this place.
 D = Time resting spent in this place.
 E = Time spent auto-exploring this place.
 F = Levels seen in this place.
 G = Mean time per level.
                   A        B        C        D        E       F      G
               +--------+--------+--------+--------+--------+-----+--------+
         Total |   2740 |   2565 |    175 |    381 |   1441 |   6 |  456.7 |
       Dungeon |   2740 |   2565 |    175 |    381 |   1441 |   6 |  456.7 |
               +--------+--------+--------+--------+--------+-----+--------+

Top non-repeatable levels by time:
     D:1: 862 daAuts
     D:3: 667 daAuts
     D:2: 633 daAuts
     D:6: 565 daAuts
     D:5: 11 daAuts
